Map: Ley Lines

Players

ByuN

  • Race: Terran Terran
  • League: Diamond
  • Spawn Location: 7:00

Gerald - Winner!

  • Race: Protoss Protoss
  • League: Master
  • Spawn Location: 1:00

VOD

Have the link to the VOD?

Description

Time

  • Played on: June 17, 2025, 8:37 p.m.
  • Length: 25:44
Show
View Real Time Build Order
Export as new Build Order

ByuN Terran 

Build Orders: Reaper Expand 

Get SALT Encoding   

  12  0:00  SCV  
  13  0:13  SCV  
  14  0:16  Supply Depot  
  14  0:25  SCV  
  15  0:38  SCV  
  15  0:40  Barracks  
  15  0:42  Refinery  
  16  0:50  SCV  
  17  1:02  SCV  
  18  1:14  SCV  
  19  1:27  Reaper  
  19  1:28  Orbital Command  
  20  1:38  Command Center  
  20  1:47  Supply Depot  
  20  1:53  SCV  
  21  1:59  Marine  
  22  2:05  Factory  
  22  2:07  SCV  
  23  2:11  Refinery  
  23  2:19  SCV, Bunker  
  24  2:22  Barracks Reactor  
  24  2:31  SCV  
  25  2:43  SCV  
  26  2:50  Hellion  
  28  2:51  Starport  
  28  2:57  SCV  
  29  3:00  Orbital Command  
  29  3:01  Marine x2  
  31  3:09  SCV  
  32  3:14  Factory Tech Lab  
  32  3:19  Marine x2  
  34  3:23  SCV  
  34  3:26  SCV  
  36  3:33  Supply Depot  
  36  3:35  SCV  
  36  3:38  SCV  
  36  3:41  Factory Tech Lab  
  38  3:47  SCV, Raven  
  38  3:48  Marine x2  
  42  3:50  SCV  
  42  3:54  Barracks  
  44  3:56  Supply Depot  
  44  3:59  SCV  
  44  4:02  SCV  
  46  4:03  Siege Tank  
  49  4:11  SCV  
  49  4:12  Marine x2  
  49  4:14  SCV  
  51  4:23  SCV, Refinery  
  51  4:24  Supply Depot  
  51  4:27  SCV  
  53  4:32  Engineering Bay  
  53  4:33  Barracks  
  53  4:35  SCV  
  53  4:37  Siege Tank  
  57  4:39  SCV  
  57  4:44  Marine  
  58  4:47  Refinery  
  58  4:48  SCV, Starport Reactor  
  58  4:51  SCV  
  60  4:55  Supply Depot  
  60  4:57  Stimpack, Supply Depot  
  60  4:59  Marauder  
  62  5:00  SCV  
  62  5:01  Terran Infantry Weapons Level 1  
  62  5:03  SCV  
  64  5:12  SCV  
  64  5:13  Marine x2  
  67  5:15  SCV  
  67  5:19  Supply Depot  
  67  5:21  Marauder  
  70  5:24  SCV  
  70  5:27  SCV  
  76  5:29  Factory Reactor  
  76  5:30  Marauder, Combat Shield  
  74  5:36  SCV  
  74  5:38  Marine x2  
  74  5:39  SCV  
  74  5:41  Medivac x2  
  74  5:42  Marauder, Supply Depot  
  84  5:45  Supply Depot  
  84  5:51  Marauder  
  86  5:57  Command Center  
  86  5:59  Marine  
  86  6:03  Marauder  
  89  6:12  Medivac x2  
  93  6:22  Marine x2  
  93  6:25  Supply Depot  
  95  6:26  Barracks x2  
  95  6:31  Marauder x2  
  99  6:34  SCV x2  
  101  6:41  Marine x2  
  101  6:43  Widow Mine x2  
  107  6:48  Medivac x2  
  115  6:54  Marauder x2  
  115  6:55  Terran Infantry Armor Level 1  
  115  7:00  Ghost Academy  
  115  7:02  SCV x2  
  112  7:09  Marine x2  
  112  7:14  SCV x2  
  112  7:15  Marauder x2  
  119  7:26  SCV x2  
  110  7:30  Marine x2  
  110  7:35  Barracks Tech Lab  
  110  7:36  Orbital Command  
  110  7:37  Marauder x2, Barracks Reactor  
  106  7:38  SCV x2  
  106  7:41  Widow Mine x2  
  114  7:46  Viking x2  
  114  7:50  SCV, Marine x2  
  117  7:53  Ghost  
  117  7:57  Ghost  
  123  8:00  Concussive Shells  
  123  8:03  SCV, Orbital Command  
  123  8:04  SCV  
  125  8:08  Marine x2, Ghost  
  125  8:10  Widow Mine  
  132  8:14  Supply Depot  
  132  8:15  Supply Depot  
  132  8:16  SCV  
  135  8:20  Widow Mine  
  135  8:21  SCV  
  135  8:26  Refinery  
  136  8:28  SCV, Supply Depot, Ghost  
  136  8:29  Marine, Supply Depot  
  136  8:32  Refinery  
  141  8:36  SCV  
  141  8:39  Ghost  
  144  8:43  Marauder, Marine x2  
  144  8:46  SCV  
  149  8:49  SCV  
  149  8:52  SCV  
  149  8:53  Armory  
  149  8:55  Engineering Bay  
  151  8:58  Marauder  
  151  9:00  Marine x2  
  151  9:02  Viking x2  
  159  9:11  Command Center, Marauder x2  
  159  9:14  Marine  
  164  9:21  Supply Depot  
  164  9:22  SCV, Supply Depot  
  164  9:23  SCV x2, Sensor Tower  
  167  9:30  Marauder  
  169  9:33  Marauder x2  
  172  9:42  Marine x4  
  172  9:46  Terran Infantry Weapons Level 2  
  172  9:48  Terran Infantry Armor Level 2  
  172  9:51  Marauder  
  172  9:53  Terran Ship Weapons Level 1  
  172  9:54  Marauder x2  
  176  10:00  SCV  
  176  10:01  SCV x2  
  177  10:15  Marine, Marauder x2, Barracks x2  
  177  10:17  Starport, Barracks  
  177  10:21  Factory Reactor  
  182  10:24  Viking x2  
  182  10:35  Marauder  
  184  10:36  Marine x4  
  184  10:37  Marauder x2  
  184  10:38  SCV  
  184  10:39  SCV  
  184  10:42  SCV  
  182  10:50  SCV  
  182  10:51  SCV  
  182  10:53  Marine  
  182  10:54  SCV, Marine  
  182  10:56  Marauder  
  177  10:58  Marauder x2  
  177  11:03  SCV x2  
  177  11:04  Barracks Reactor  
  177  11:05  Barracks Tech Lab x2  
  177  11:07  SCV  
  177  11:08  Medivac  
  177  11:10  Planetary Fortress  
  173  11:15  SCV x2  
  174  11:19  SCV  
  175  11:27  SCV x2  
  175  11:31  SCV  
  175  11:32  Medivac  
  178  11:35  Medivac  
  178  11:36  Medivac  
  178  11:39  SCV x2, Ghost x2  
  184  11:43  SCV, Ghost x3  
  184  11:45  Missile Turret  
  200  11:49  Fusion Core  
  200  11:59  Missile Turret  
  200  12:03  Missile Turret, Refinery  
  200  12:04  Refinery  
  200  12:16  Command Center  
  200  12:19  Missile Turret  
  200  12:31  Missile Turret  
  200  12:50  Marauder x2, Marine x2  
  200  12:51  Marine  
  196  12:53  Marine x2  
  196  12:54  Ghost x2  
  169  13:08  Liberator x2  
  169  13:09  Viking x2  
  169  13:12  Marauder x2  
  175  13:14  Marauder  
  175  13:16  Marine x3  
  178  13:21  Command Center  
  178  13:23  Marauder  
  178  13:26  Terran Infantry Weapons Level 3, Terran Infantry Armor Level 3  
  168  13:30  Marauder  
  168  13:31  Marine  
  168  13:32  Marine x2  
  168  13:33  Marine x2  
  168  13:34  Marauder x2  
  165  13:36  Marauder  
  165  13:39  Medivac x2  
  171  13:44  Advanced Ballistics  
  171  13:45  Fusion Core  
  171  13:46  Marauder  
  173  13:51  Marauder  
  173  13:55  Marauder x2, Medivac x2  
  180  13:57  Marauder  
  182  14:07  Marauder  
  184  14:12  Marine x2  
  184  14:13  Marauder, Sensor Tower  
  184  14:16  Marine, Marauder  
  184  14:17  Marauder  
  193  14:18  Marauder  
  192  14:26  Planetary Fortress, Medivac x2  
  192  14:28  Ghost  
  199  14:45  Ghost x3  
  195  14:47  SCV x2  
  174  14:57  Ghost  
  174  14:58  Ghost  
  180  15:03  SCV  
  181  15:13  Ghost x3  
  186  15:15  Orbital Command  
  184  15:22  Medivac  
  184  15:25  Viking  
  184  15:26  Ghost x2  
  184  15:27  Viking  
  196  15:31  SCV x3  
  196  15:42  Marine, Ghost x3  
  196  15:49  Marine x2  
  170  15:55  Marauder x2, Medivac  
  176  16:03  Liberator  
  176  16:04  Liberator  
  179  16:05  Liberator  
  187  16:11  Marauder  
  187  16:17  Marauder x3  
  193  16:19  Marine x4  
  195  16:37  Marauder x2  
  191  16:42  Marine  
  191  16:43  Liberator  
  191  16:46  Sensor Tower  
  195  16:48  Unknown  
  190  16:56  SCV x2  
  190  16:57  SCV  
  190  16:58  SCV  
  190  17:01  Marauder x2  
  191  17:05  Missile Turret  
  187  17:08  SCV x2  
  187  17:09  SCV, Viking x3  
  187  17:10  SCV  
  195  17:19  Marauder x2  
  195  17:20  SCV  
  200  17:26  Command Center  
  200  17:36  Ghost  
  176  17:38  Ghost  
  176  17:39  Liberator x3, Medivac  
  176  17:40  Ghost  
  176  17:42  Ghost  
  176  17:43  Marine x5  
  187  17:45  Ghost  
  170  18:04  Ghost  
  170  18:06  Ghost  
  170  18:07  Terran Ship Weapons Level 2  
  170  18:08  Unknown, Ghost  
  173  18:13  Viking  
  173  18:19  Sensor Tower  
  175  18:20  Marine x4  
  175  18:24  Marauder x2  
  175  18:34  Marauder, Viking x2  
  175  18:36  Ghost  
  175  18:37  Marauder, Marine  
  175  18:38  Marine  
  186  18:44  Marine x2  
  186  18:48  Viking x2  
  192  19:04  Marauder x4  
  183  19:18  Marauder  
  183  19:23  Unknown  
  185  19:25  Marauder, Ghost  
  185  19:27  Marine  
  185  19:28  Marine x2  
  183  19:52  Medivac  
  183  19:53  Liberator x2  
  183  19:55  Marauder x4, Marine x2  
  183  19:56  Marine  
  183  19:57  Marine  
  169  20:00  Medivac  
  171  20:01  Ghost  
  171  20:05  Command Center x2  
  175  20:18  Marauder  
  175  20:21  Ghost x2  
  164  20:22  Ghost  
  164  20:23  Missile Turret  
  161  20:36  Ghost  
  161  20:39  Ghost  
  167  20:49  Ghost  
  159  20:51  Ghost  
  159  20:52  Missile Turret  
  164  21:05  Ghost  
  164  21:07  Marauder  
  164  21:08  Marauder  
  164  21:10  Marine x2  
  164  21:11  Marine  
  174  21:12  Marine x2  
  176  21:19  Marauder, Sensor Tower  
  176  21:20  Marauder  
  175  21:28  Marauder  
  175  21:30  Marauder  
  176  21:34  Marine x3, Marauder  
  176  21:35  Orbital Command, Marine  
  182  21:40  Marauder  
  182  21:41  Marauder  
  182  21:49  Marauder  
  182  21:51  Marauder  
  182  21:53  SCV  
  174  21:56  Marauder  
  174  22:00  Ghost  
  179  22:02  Ghost  
  180  22:10  Ghost  
  180  22:12  Ghost  
  184  22:16  Ghost  
  184  22:21  Sensor Tower  
  183  22:24  Missile Turret  
  182  22:32  Ghost x2  
  180  22:39  SCV x2  
  180  22:40  SCV  
  180  22:46  Ghost  
  180  22:47  Marauder x2  
  180  22:50  Marine x2  
  188  22:51  Marine  
  181  23:01  Marauder, Ghost  
  186  23:10  Marauder x2  
  186  23:12  Missile Turret  
  190  23:16  Marauder  
  190  23:18  Marine x2  
  190  23:19  Marine  
  191  23:22  Marine x2  
  191  23:23  Marauder  
  194  23:30  Marauder  
  194  23:32  Marauder x2  
  194  23:35  Marine  
  194  23:36  Marine x2  
  194  23:37  Marauder  
  199  23:44  Marauder  
  199  23:45  Marine  
  200  23:54  Liberator  
  198  24:01  Missile Turret, Sensor Tower  
  197  24:09  Liberator  
  198  24:11  Marauder  
  200  24:19  Sensor Tower  
  200  24:21  Missile Turret  
  195  24:35  Marauder  
  195  24:38  Marauder  
  175  24:39  Viking x3  
  170  24:52  Viking  
  159  25:06  Marauder x2  
  160  25:09  Marauder x2, Viking  
  160  25:10  Marine x2  
  160  25:11  Marine x4  
  160  25:12  Marine  
Show
View Real Time Build Order
Export as new Build Order

Gerald Protoss - Winner!

Build Orders: 1 Gate Expand, Blink Stalkers, Zealot Archon 

Get SALT Encoding   

  12  0:00  Probe  
  13  0:12  Probe  
  14  0:17  Pylon  
  14  0:22  Probe  
  15  0:31  Probe  
  16  0:36  Gateway  
  16  0:39  Probe  
  16  0:45  Assimilator  
  17  0:52  Probe  
  18  1:04  Probe  
  19  1:16  Probe  
  20  1:23  Cybernetics Core  
  22  1:28  Probe  
  21  1:33  Nexus  
  21  1:41  Pylon  
  21  1:43  Probe  
  22  1:50  Assimilator  
  22  1:51  Adept  
  22  1:55  Probe  
  22  2:00  Warp Gate  
  25  2:07  Probe  
  26  2:10  Shield Battery  
  26  2:12  Stalker  
  27  2:30  Probe  
  28  2:38  Twilight Council  
  28  2:43  Probe  
  29  2:49  Probe  
  30  2:54  Sentry  
  30  2:55  Probe  
  33  3:01  Probe  
  33  3:03  Blink  
  34  3:07  Probe  
  35  3:13  Gateway, Probe  
  35  3:19  Probe  
  37  3:26  Probe  
  38  3:29  Gateway  
  38  3:31  Probe  
  39  3:38  Probe  
  40  3:43  Probe  
  39  3:49  Pylon  
  39  3:50  Probe  
  39  3:51  Stalker  
  39  3:55  Probe  
  43  4:02  Nexus  
  43  4:03  Probe  
  43  4:07  Pylon  
  43  4:10  Probe  
  43  4:15  Probe  
  43  4:16  Stalker  
  47  4:22  Probe  
  47  4:27  Probe  
  47  4:29  Shield Battery  
  48  4:35  Probe  
  48  4:38  Assimilator  
  49  4:39  Forge  
  49  4:42  Assimilator, Stalker  
  49  4:44  Probe  
  52  4:49  Stalker  
  54  4:52  Templar Archives  
  54  4:58  Probe  
  54  4:59  Probe  
  56  5:02  Stalker  
  56  5:03  Charge  
  58  5:10  Probe  
  58  5:13  Probe, Protoss Ground Armor Level 1  
  60  5:16  Probe  
  61  5:23  Probe  
  61  5:25  Probe  
  61  5:26  Gateway x2, Probe  
  61  5:28  Psionic Storm  
  64  5:31  Probe  
  64  5:33  Probe, Shield Battery  
  65  5:36  Probe  
  65  5:40  Probe  
  65  5:41  Probe  
  67  5:44  Probe  
  67  5:46  Zealot  
  72  5:53  Probe, High Templar  
  72  5:54  Probe  
  72  5:56  Pylon, Probe  
  77  5:58  Pylon  
  77  6:12  Pylon  
  77  6:14  Probe x2  
  77  6:16  High Templar x2  
  77  6:17  Probe  
  84  6:18  Gateway  
  84  6:21  Gateway  
  84  6:27  Gateway  
  84  6:29  Pylon  
  84  6:30  Probe  
  84  6:32  Assimilator, Zealot x2, High Templar  
  91  6:38  Probe  
  91  6:39  Probe  
  93  6:43  Probe  
  94  6:50  Probe  
  94  6:52  High Templar  
  94  6:53  Zealot x3  
  95  7:09  Stalker  
  95  7:10  Probe x2  
  95  7:11  Pylon  
  95  7:12  Nexus  
  99  7:17  Zealot x5  
  104  7:25  Protoss Ground Weapons Level 1  
  96  7:33  Zealot x3  
  94  7:38  Probe  
  94  7:40  Pylon  
  94  7:41  Zealot x5  
  94  7:42  Probe  
  106  7:48  Probe  
  106  7:50  Probe  
  108  7:51  Pylon  
  108  7:54  Probe, Archon  
  108  7:55  High Templar x3  
  115  7:59  Pylon  
  115  8:00  Probe, Robotics Facility  
  115  8:02  Probe  
  117  8:06  Stalker x2, Probe  
  117  8:07  Zealot  
  117  8:10  Shield Battery  
  117  8:12  Probe  
  125  8:15  Pylon  
  125  8:20  Probe  
  125  8:22  Gateway  
  125  8:23  Pylon, Gateway  
  125  8:26  Probe  
  127  8:40  Warp Prism  
  119  8:49  Stalker x5  
  119  8:50  Zealot x3  
  119  8:52  Probe  
  119  8:54  Robotics Bay  
  138  9:05  Photon Cannon  
  138  9:08  Forge, Nexus  
  138  9:09  Assimilator  
  138  9:10  Observer  
  138  9:11  Protoss Ground Armor Level 2  
  138  9:13  Pylon  
  139  9:17  Pylon, High Templar x4  
  147  9:29  Probe  
  147  9:30  Protoss Ground Weapons Level 2  
  148  9:45  Warp Prism  
  148  9:50  Zealot x3, High Templar  
  152  10:01  Zealot x6  
  160  10:21  Disruptor  
  160  10:24  Pylon  
  160  10:25  Pylon  
  160  10:26  Probe  
  160  10:27  Probe  
  163  10:28  Gateway  
  163  10:37  Zealot x10  
  159  10:50  Probe x2  
  159  10:51  Probe  
  159  10:52  Photon Cannon  
  146  10:57  Disruptor, Zealot  
  146  10:58  Zealot x9  
  136  11:13  Probe, Robotics Facility  
  136  11:14  Probe x2  
  134  11:18  Probe  
  134  11:22  Protoss Ground Armor Level 3  
  134  11:23  Photon Cannon  
  134  11:25  Shield Battery, Photon Cannon  
  130  11:32  Zealot, High Templar  
  126  11:33  Zealot x9  
  126  11:35  Probe x3  
  126  11:38  Colossus  
  149  11:40  Pylon  
  149  11:47  Gateway  
  149  11:48  Gateway  
  149  11:51  Nexus  
  149  11:52  Pylon, Extended Thermal Lance  
  149  11:53  Robotics Facility  
  155  11:56  Zealot  
  155  11:57  Zealot x6  
  155  12:00  High Templar x3  
  175  12:05  Colossus  
  175  12:10  Protoss Ground Weapons Level 3  
  175  12:14  Stalker  
  177  12:20  Photon Cannon  
  183  12:24  Zealot x2  
  177  12:41  Stalker x6  
  183  12:49  Zealot x5  
  183  12:50  Disruptor, Zealot x2  
  177  12:54  Colossus  
  146  13:07  Stalker x6  
  142  13:19  High Templar  
  133  13:31  Zealot  
  133  13:32  Zealot x11  
  133  13:33  Probe x2  
  133  13:34  Probe x2  
  156  13:35  Probe  
  156  13:38  Colossus  
  164  13:43  Probe  
  164  13:45  Probe  
  164  13:47  Unknown  
  164  13:48  Probe  
  164  13:53  Stalker x5  
  164  13:54  Stalker  
  174  14:00  Stalker x3  
  180  14:04  Stargate  
  178  14:12  Archon  
  178  14:14  Stalker x4  
  180  14:25  Probe  
  180  14:26  High Templar  
  180  14:27  Zealot x8  
  199  14:36  Probe  
  200  14:56  Colossus  
  200  15:14  Zealot x2  
  198  15:20  Stalker  
  198  15:21  Stalker x2  
  199  15:40  Colossus  
  179  15:44  Archon  
  179  15:47  Protoss Shields Level 1  
  179  15:48  Disruptor  
  157  15:50  Zealot x2, High Templar  
  157  15:51  Zealot x10  
  157  15:55  Assimilator  
  157  15:56  Assimilator  
  179  15:59  Probe  
  179  16:02  Photon Cannon  
  179  16:04  Photon Cannon  
  180  16:06  Shield Battery, Disruptor  
  180  16:09  Pylon, Dark Shrine  
  184  16:11  Assimilator  
  184  16:12  Nexus  
  184  16:15  Pylon  
  184  16:20  Zealot x4  
  184  16:21  Zealot x4  
  200  16:33  Archon  
  200  16:40  Colossus  
  200  16:48  Assimilator  
  184  17:15  High Templar  
  180  17:18  Disruptor x2  
  180  17:21  Probe  
  187  17:23  Probe x2  
  189  17:34  Stalker x9  
  189  17:35  Stalker  
  198  17:43  Zealot  
  198  17:44  Disruptor, Zealot  
  196  17:50  Stalker  
  180  18:00  Stalker x4  
  180  18:02  Protoss Shields Level 2  
  180  18:03  Shadow Stride  
  184  18:12  Probe  
  185  18:20  Probe  
  185  18:21  Photon Cannon  
  185  18:25  Photon Cannon  
  185  18:26  Dark Templar x2  
  185  18:27  Dark Templar x5  
  196  18:28  Assimilator  
  190  18:34  Assimilator  
  190  18:35  High Templar  
  190  18:36  Disruptor  
  194  18:43  Disruptor  
  196  18:51  Dark Templar x2  
  200  19:04  Pylon  
  198  19:28  Zealot, High Templar  
  198  19:29  Zealot  
  177  20:04  Dark Templar  
  177  20:05  Dark Templar x2  
  183  20:09  Probe x2  
  185  20:18  Pylon, Nexus  
  185  20:19  Protoss Shields Level 3  
  179  20:24  Probe  
  180  20:39  Zealot x2, High Templar  
  180  20:40  Zealot x7  
  196  20:47  Disruptor  
  194  20:53  Photon Cannon  
  194  20:57  Photon Cannon  
  194  20:58  Shield Battery  
  184  21:28  Nexus  
  184  21:30  Pylon  
  184  21:34  Disruptor  
  188  21:42  Stalker x6  
  196  21:51  Nexus  
  172  21:55  Colossus x2  
  172  22:01  Assimilator  
  184  22:03  Probe x3  
  184  22:05  Assimilator  
  187  22:09  Colossus  
  193  22:22  Pylon  
  192  22:24  Stalker x4  
  181  22:48  Disruptor  
  181  22:49  Disruptor  
  165  23:03  Disruptor  
  165  23:07  Archon  
  165  23:10  Zealot x13  
  165  23:31  Zealot x10  
  165  23:32  Stalker x3  
  173  23:37  Colossus, Disruptor  
  173  23:38  Disruptor  
  179  23:59  Stalker x4, High Templar  
  179  24:00  Zealot x7  
  200  24:22  Nexus  
  172  24:43  Probe  
  172  24:44  Stalker x6  
  172  24:45  Stalker, Zealot x6  
  199  24:49  Pylon, Probe  
  192  25:12  Photon Cannon  
  192  25:13  Photon Cannon  
  200  25:15  Stalker x4, Shield Battery  
  163  25:36  Zealot x8  
  163  25:37  Stalker  
  163  25:38  Stalker  
Tags
 
Add a new tag
Caveats
  • Supply blocks, unpowered buildings, or Contaminate may cause inaccurate times.
  • Supply counts are checked every 10 seconds.